 Dungeon Crawl Stone Soup version 0.26.1-11-gd32895ea62 (webtiles) character file.

Game seed: 8810947443172731567

154 Zeld the Twirler (level 5, -2/34 HPs)
             Began as an Octopode Gladiator on May 22, 2021.
             Slain by an orc warrior
             ... wielding a cursed +0 trident
              (7 damage)
             ... on level 3 of the Dungeon.
             The game lasted 00:02:07 (2727 turns).

Zeld the Twirler (Octopode Gladiator)               Turns: 2727, Time: 00:02:07

Health: -2/34      AC:  1    Str: 14    XL:     5   Next: 36%
Magic:  5/5        EV: 14    Int: 11    God:
Gold:   139        SH:  0    Dex: 13    Spells: 4/4 levels left

rFire    . . .     SeeInvis .   a - +0 quarterstaff
rCold    + . .     Faith    .   (shield currently unavailable)
rNeg     . . .     Spirit   .   b - +0 hat
rPois    .         Reflect  .   (no amulet)
rElec    .         Harm     .   d - ring of protection from cold
rCorr    .         Rampage  .   (no ring)
Will     .....                  (no ring)
Stlth    ++........             (no ring)
HPRegen  0.11/turn              (no ring)
MPRegen  0.09/turn              (no ring)
                                (no ring)
                                (no ring)

@: lethally poisoned (-2 -> -5)
A: almost no armour, stealthy swim, amphibious, 8 rings, constrict 8, camouflage
1, gelatinous body 1
a: no special abilities


You were on level 3 of the Dungeon.
You visited 1 branch of the dungeon, and saw 3 of its levels.

You collected 139 gold pieces.

Inventory:

Hand Weapons
 a - a +0 quarterstaff (weapon)
Missiles
 c - 3 throwing nets
 i - 2 javelins
 m - 25 poisoned darts (quivered)
Armour
 b - a +0 hat (worn)
Jewellery
 d - a ring of protection from cold (left tentacle)
Scrolls
 e - 3 scrolls of enchant armour {unknown}
 g - 2 scrolls of teleportation {unknown}
 h - a scroll of remove curse {unknown}
Potions
 f - a potion of ambrosia {unknown}
 j - a potion of magic {unknown}
 k - a potion of curing {unknown}
 l - a potion of flight {unknown}


   Skills:
 - Level 2.0 Fighting
 * Level 5.9 Staves
 - Level 2.0 Throwing
 - Level 3.0 Dodging


You had 4 spell levels left.
You didn't know any spells.
Your spell library was empty.

Dungeon Overview and Level Annotations

Branches:
Dungeon (3/15)

Altars:

Annotations:
D:3 3 runed translucent doors, caitlindye's ghost, amateur HOFi


Innate Abilities, Weirdness & Mutations

You cannot wear most types of armour.
You are very stealthy in the water. (Stealth+)
You are amphibious.
You can wear up to eight rings at the same time.
You can use your tentacles to constrict eight enemies at once.
Your skin changes colour to match your surroundings (Stealth+).
Your rubbery body absorbs attacks. (AC +1, EV +1)


Message History

* * * LOW HITPOINT WARNING * * *
There are monsters nearby!
There are monsters nearby!
The bat hits you but does no damage.
There is an open door here.
Unknown command.
The adder barely misses you.
Press: ? - help, v - describe, . - travel The floor.
You hit the adder. You grab the adder.
The adder is moderately wounded.
You constrict the adder. The adder bites you.
* * * LOW HITPOINT WARNING * * *
You are poisoned.
The adder poisons you!
You completely miss the adder.
The adder is heavily wounded.
You constrict the adder.
You feel sick. The adder closely misses you.
The orc warrior hits you from afar with a cursed +0 trident!
You die...

####)...............####..#
# ###..###.#######.....#.#
.. ##.# #.######..#'#...#
... #.###......#.##.##...#
..#.!
#.##.........#.).#...# ..#
. ..##..).....#######..#
.## ............# #..# ##..
.###..).....# +..# ....#
#......@#########.# ....#
#......S#b.....?# ...#
#......go(......# ..#
#######o#......$# ###..
...######### o... ......
#.# ..o..... # ........
.........


You could see an orc warrior, an adder, an orc and a hobgoblin.

Vanquished Creatures
  A bullfrog skeleton (D:2)
  4 adders (D:2)
  An adder zombie (D:2)
  An adder skeleton (D:2)
  3 worms (D:2)
  A dart slug (D:2)
  A leopard gecko (D:2)
  5 orcs (D:3)
  6 bats
  2 bat zombies (D:2)
  5 giant cockroaches
  11 hobgoblins
  5 jackals (D:3)
  5 frilled lizards
  2 goblins (D:1)
  8 kobolds
  5 rats
66 creatures vanquished.

Notes
Turn   | Place    | Note
-------+----------+-------------------------------------------
     0 | D:1      | Zeld the Octopode Gladiator began the quest for the Orb.
     0 | D:1      | Reached XP level 1. HP: 14/14 MP: 1/1
   245 | D:1      | Reached XP level 2. HP: 19/19 MP: 2/2
   454 | D:1      | You fall into a shaft and drop 1 floor!
   794 | D:1      | Reached skill level 4 in Staves
  1212 | D:2      | Reached XP level 3. HP: 24/24 MP: 3/3
  1288 | D:2      | Reached XP level 4. HP: 17/29 MP: 4/4
  1303 | D:2      | Reached skill level 5 in Staves
  1834 | D:2      | Reached XP level 5. HP: 22/34 MP: 5/5
  2357 | D:3      | Noticed caitlindye's ghost (amateur HOFi)
  2382 | D:3      | Found a runed translucent gate.
  2382 | D:3      | Found a runed translucent gate.
  2382 | D:3      | Found a runed translucent gate.
  2719 | D:3      | Noticed an orc warrior
  2727 | D:3      | Slain by an orc warrior

Illustrated notes

Levels and vault maps discovered:
D:1:      dpeg_arrival_signposts, layout_loops_corners
D:2:      layout_basic, serial_undead, serial_undead_d, serial_undead_d,
          serial_undead_f, serial_undead_b
D:3:      layout_basic, gammafunk_ghost_icy, minmay_divided_ellipse, uniq_ijyb

Skill      XL: |  1  2  3  4 |
---------------+-------------+-----
Staves         | 4 5 |  5.9
Fighting       | |  2.0
Throwing       | |  2.0
Dodging        | |  3.0

Action                   |  1- 3 |  4- 6 || total
-------------------------+-------+-------++-------
Melee: Quarterstaff      |    52 |    70 ||   122
       Constrict         |    11 |    18 ||    29
       Tentacles         |    11 |    13 ||    24
 Stab: Sleeping          |     8 |     2 ||    10
Armor: Skin              |     1 |     9 ||    10
Dodge: Dodged            |    40 |    49 ||    89
